cohdb
Replays
Latest Replays
All Replays
Popular Replays
Top Player Replays
Match Explorer
How It Works
Community
CoH3 Stats
Reddit
Sign in to upload your games and track your stats! →
Sign in with Steam
Match 42345879
Unlisted
Match 42345879
Overview
Messages
Build Orders
End
Kradschützen Motorcycle Team
Panzergrenadier Squad
Panzergrenadier Squad
Construct Light Support Kompanie
MG34 Team
Fire Support Elements
Panzerjäger Mechanized Group
Veteran Squad Leaders
Pak 38 Anti-tank Gun Team
Construct Panzerarmee Kommand
Walking Stuka Rocket Launcher
Pak 38 Anti-tank Gun Team
Panzer III L Medium Tank
Panzergrenadier Squad
Armored Reserves
Selects Italian Infantry
Selects Defensive Operations
Selects Prepared Positions
Selects Obice 305mm Barrage
Selects Guastatori Squad
Selects L6/40 Light Tank Combat Group
Selects Towed Cannone da 105/28 Field Howitzer
Obice 305mm Barrage
Tiger Heavy Tank
Panzerpioneer Squad
Obice 305mm Barrage
Saueee
!!!!!!!!!!!!
kappa
Cpt Darling
0
0
Comments
sign in to comment!
No comments posted yet!